 Dungeon Crawl Stone Soup version 0.27-a0-1188-g73eefd5def (webtiles) character file.

Game seed: 1897790978167911429

167 Feb132020 the Gusty (level 5, -8/28 HPs)
             Began as a Tengu Air Elementalist on May 22, 2021.
             Mangled by Terence
             ... wielding a +0 hand axe
              (9 damage)
             ... on level 3 of the Dungeon.
             The game lasted 00:11:07 (2871 turns).

Feb132020 the Gusty (Tengu Air Elementalist)        Turns: 2871, Time: 00:11:08

Health: -8/28      AC:  4    Str:  8    XL:     5   Next: 48%
Magic:  4/10       EV: 15    Int: 17    God:
Gold:   93         SH:  0    Dex: 14    Spells: 3/9 levels left

rFire    . . .     SeeInvis .   n - +1 dagger (speed)
rCold    . . .     Faith    .   (no shield)
rNeg     . . .     Spirit   .   a - +0 robe
rPois    .         Reflect  .   (helmet restricted)
rElec    .         Harm     .   (no cloak)
rCorr    .         Rampage  .   i - +1 pair of gloves
Will     .....                  (boots unavailable)
Stlth    ++........             (no amulet)
HPRegen  0.09/turn              (no ring)
MPRegen  0.12/turn              (no ring)

@: flying quickly and evasively, quick
A: beak, talons 3, nimble flight
a: no special abilities


You were on level 3 of the Dungeon.
You visited 1 branch of the dungeon, and saw 3 of its levels.

You collected 93 gold pieces.

Inventory:

Hand Weapons
 c - a +0 short sword
 n - a +1 dagger of speed (weapon)
Missiles
 m - 2 throwing nets
Armour
 a - a +0 robe (worn)
 i - a +1 pair of gloves (worn)
 l - a +0 buckler
Wands
 k - a wand of charming (6)
Scrolls
 d - a scroll of fear {unknown}
 e - a scroll of silence {unknown}
 g - a scroll of teleportation {unknown}
 h - a scroll of identify {unknown}
Potions
 b - 2 potions of flight {unknown}
 f - a potion of might {unknown}
 j - 2 potions of berserk rage


   Skills:
 + Level 0.4 Fighting
 + Level 0.3 Short Blades
 + Level 2.7 Dodging
 + Level 2.7 Stealth
 + Level 2.8 Spellcasting
 + Level 3.0 Conjurations
 + Level 5.8 Air Magic


You had 3 spell levels left.
You knew the following spells:

 Your Spells              Type           Power      Damage    Failure   Level
a - Shock                 Conj/Air       68%        1d7       3%          1
b - Static Discharge      Conj/Air       17%        N/A       4%          2
c - Swiftness             Air            22%        N/A       4%          3

Your spell library contained the following spells:

 Spells                   Type           Power      Damage    Failure   Level
 Animate Skeleton         Necr           4%         N/A       19%         1
 Apportation              Tloc           4%         N/A       19%         1
 Corona                   Hex            2%         N/A       19%         1
 Summon Small Mammal      Summ           8%         N/A       19%         1
 Airstrike                Air            11%        N/A       16%         4
 Lightning Bolt           Conj/Air       8%         1d21      63%         5


Dungeon Overview and Level Annotations

Branches:
Dungeon (3/15)

Altars:

Annotations:
D:3 Terence


Innate Abilities, Weirdness & Mutations

You have a beak for a mouth.
You have claws for feet.
Your magical nature lets you fly swiftly and evasively.


Message History

Aim: Terence, wielding a +0 hand axe and wearing a +0 ring mail (asleep, 100% to hit)
The zap hits Terence but does no damage.
Terence shouts!
There is a stone staircase leading up here.
You start waiting.
Done waiting.
You fly upwards.
There is a stone staircase leading down here.
There is a stone staircase leading down here.
You fly downwards.
Level annotation: Terence
There is a stone staircase leading up here.
Found a stone staircase leading down.
Terence is nearby!
Terence shouts!
Terence drinks a potion.
Terence goes berserk!
Okay, then.
Casting: Shock (safe; 3% risk of failure)
Confirm with . or Enter, or press ? or * to list all spells.
Terence is struck by an arc of lightning.
Terence is lightly wounded.
You are struck by an arc of lightning.
The lightning grounds out.
Terence hits you with a +0 hand axe!
Ouch! That really hurt!
Casting: Static Discharge (safe; 4% risk of failure)
Confirm with . or Enter, or press ? or * to list all spells.
Terence is struck by an arc of lightning.
Terence is moderately wounded.
You are struck by an arc of lightning.
The lightning grounds out.
Terence hits you with a +0 hand axe.
* * * LOW HITPOINT WARNING * * *
Terence closely misses you.
Casting: Static Discharge (safe; 4% risk of failure)
Confirm with . or Enter, or press ? or * to list all spells.
Terence is struck by an arc of lightning.
Terence is heavily wounded.
You are struck by an arc of lightning.
* * * LOW HITPOINT WARNING * * *
The lightning grounds out.
Terence hits you with a +0 hand axe!
You die...

########.#........###.#....<###.#
# #.###..........#......#### #
#....(....####.######.#... #
######....# #.#........## #
#....# #.#.####...## # #.##.#
#.#.####...#.
#.##'####...##.....#.
#..........###.#...#.
##..@......# #.#.#.# #..@......#
#.#...#. ##..####### #.######
#..# #.# ..#.##..##### #.#
............# #.# .P....#.###.#
#.# ♣.#...#.# ..# ♣ ###.#>.


You could see Terence (berserk).

Vanquished Creatures
  An orc priest (D:3)
  Natasha (D:2)
  An orc wizard (D:3)
  Robin (D:3)
  2 worms (D:2)
  2 dart slugs
  An orc (D:3)
  5 bats
  5 endoplasms
  2 giant cockroaches (D:1)
  14 goblins
  5 hobgoblins
  2 jackals (D:1)
  4 kobolds
  2 quokkas (D:2)
  5 ball pythons
  4 frilled lizards
  8 rats
65 creatures vanquished.

Vanquished Creatures (others)
  2 fungi (D:3)
2 creatures vanquished.

Grand Total: 67 creatures vanquished

Notes
Turn   | Place    | Note
-------+----------+-------------------------------------------
     0 | D:1      | Feb132020 the Tengu Air Elementalist began the quest for
                  | the Orb.
     0 | D:1      | Reached XP level 1. HP: 10/10 MP: 4/4
   209 | D:1      | Reached XP level 2. HP: 15/15 MP: 3/6
   212 | D:1      | Learned a level 2 spell: Static Discharge
   698 | D:1      | Reached XP level 3. HP: 15/19 MP: 1/7
   702 | D:1      | Learned a level 3 spell: Swiftness
  1574 | D:2      | Noticed Natasha
  1578 | D:2      | Killed Natasha
  1579 | D:2      | Reached skill level 5 in Air Magic
  1579 | D:2      | Reached XP level 4. HP: 21/24 MP: 2/8
  1638 | D:2      | Found a faded altar of an unknown god.
  2279 | D:3      | Noticed Robin
  2287 | D:3      | Killed Robin
  2419 | D:3      | Gained mutation: Your magical nature lets you fly swiftly
                  | and evasively. [Tengu growth]
  2419 | D:3      | Reached XP level 5. HP: 28/28 MP: 4/10
  2707 | D:3      | Noticed Terence
  2871 | D:3      | HP: 1/28 [/static electricity (3)]
  2871 | D:3      | Mangled by Terence

Illustrated notes

Levels and vault maps discovered:
D:1:      minmay_arrival_nine_rooms, layout_loops_ring,
          chequers_hall_statues_wall_a, chequers_serial_rivers_micro_c
D:2:      layout_loops_ring, shapermc_ecumenical_altar_totnotflames,
          uniq_natasha
D:3:      layout_basic, uniq_robin, uniq_terence, uniq_crazy_yiuf_cottage

Skill      XL: |  1  2  3  4 |
---------------+-------------+-----
Conjurations   | 2 3 |  3.0
Air Magic      | 5 |  5.8
Fighting       | |  0.4
Short Blades   | |  0.3
Dodging        | |  2.7
Stealth        | |  2.7
Spellcasting   | |  2.8

Action                   |  1- 3 |  4- 6 || total
-------------------------+-------+-------++-------
Melee: Short sword       |    25 |    11 ||    36
       Peck              |     2 |       ||     2
       Kick              |     2 |     6 ||     8
       Dagger            |       |    10 ||    10
 Cast: Shock             |    50 |    44 ||    94
       Static Discharge  |     2 |     3 ||     5
 Stab: Sleeping          |     8 |     2 ||    10
Armor: Robe              |     6 |     3 ||     9
Dodge: Dodged            |    24 |    10 ||    34

Table legend: (Time is in decaauts)
 A = Elapsed time spent in this place.
 B = Non-inter-level travel time spent in this place.
 C = Inter-level travel time spent in this place.
 D = Time resting spent in this place.
 E = Time spent auto-exploring this place.
 F = Levels seen in this place.
 G = Mean time per level.
                   A        B        C        D        E       F      G
               +--------+--------+--------+--------+--------+-----+--------+
         Total |   2849 |   2742 |    107 |    109 |   2284 |   3 |  949.7 |
       Dungeon |   2849 |   2742 |    107 |    109 |   2284 |   3 |  949.7 |
               +--------+--------+--------+--------+--------+-----+--------+

Top non-repeatable levels by time:
     D:1: 1183 daAuts
     D:2: 1051 daAuts
     D:3: 614 daAuts
